 Dungeon Crawl Stone Soup version 0.22.1-2-g9c5b331383 (webtiles) character file.

1031 Ihlosi the Ducker (level 8, -1/48 HPs)
             Began as a Kobold Gladiator on Dec 22, 2018.
             Slain by a two-headed ogre
             ... wielding a cursed -1 giant club
              (27 damage)
             ... on level 5 of the Dungeon.
             The game lasted 00:10:42 (6115 turns).

Ihlosi the Ducker (Kobold Gladiator)                Turns: 6115, Time: 00:10:43

Health: -1/48      AC:  5    Str: 14    XL:     8   Next: 47%
Magic:  9/9        EV: 18    Int: 10    God:
Gold:   157        SH:  4    Dex: 18    Spells: 9/9 levels left

rFire    + . .     SeeInvis .   a - +1 long sword
rCold    . . .     Gourm    .   (shield restricted)
rNeg     . . .     Faith    .   b - +0 leather armour
rPois    .         Spirit   .   c - +1 helmet
rElec    .         Reflect  +   (no cloak)
rCorr    .         Harm     .   (no gloves)
MR       .....                  (no boots)
Stlth    +++.......             o - +4 amulet of reflection (curse)
HPRegen  0.16/turn              j - ring "Zorph" {rF+ Str+3 Stlth+}
MPRegen  0.11/turn              (no ring)

@: no status effects
A: small, carnivore
a: no special abilities


You were on level 5 of the Dungeon.
You were completely stuffed.

You visited 1 branch of the dungeon, and saw 5 of its levels.

You collected 157 gold pieces.

Inventory:

Hand Weapons
 a - a +1 long sword (weapon)
Missiles
 d - a throwing net (quivered)
 r - 19 poisoned needles
Armour
 b - a +0 leather armour (worn)
 c - a +1 helmet (worn)
Jewellery
 j - the ring "Zorph" (left hand) {rF+ Str+3 Stlth+}
   (You found it on level 4 of the Dungeon)

   [ring of protection from fire]

   It affects your strength (+3).
   It protects you from fire.
   It makes you more stealthy.
 o - a cursed +4 amulet of reflection (around neck)
Wands
 v - a wand of enslavement (15)
 w - a wand of digging (17)
Scrolls
 e - 4 scrolls of remove curse
 g - 2 scrolls of enchant armour
 i - a scroll of immolation
 k - 2 scrolls of teleportation {unknown}
 p - 4 scrolls of amnesia
 s - 2 scrolls of magic mapping
 t - 2 scrolls of identify
Potions
 h - a potion of curing
 m - a potion of resistance
 q - 2 potions of magic
Comestibles
 f - 11 rations


   Skills:
 * Level 4.6 Fighting
 + Level 4.8 Long Blades
 - Level 3.0 Throwing
 - Level 3.0 Armour
 * Level 5.9 Dodging
 - Level 3.0 Stealth
 - Level 1.0 Spellcasting
 * Level 2.1 Evocations


You had 9 spell levels left.
You didn't know any spells.
Your spell library was empty.

Dungeon Overview and Level Annotations

Branches:
Dungeon (5/15)             Temple (0/1) D:4

Altars:
Ashenzari


Innate Abilities, Weirdness & Mutations

You are small and have problems with some larger weapons.
You are carnivorous and can eat meat at any time.


Message History

You closely miss the orc.
The orc is moderately wounded.
You block the orc's attack.
You barely miss the orc.
The orc is moderately wounded.
The orc hits you but does no damage. The orc completely misses you.
You barely miss the orc.
The orc is moderately wounded.
The orc barely misses you.
You closely miss the orc.
The orc is moderately wounded.
The orc closely misses you.
You riposte.
You hit the orc.
The orc is almost dead.
The orc barely misses you.
You hit the orc.
You kill the orc!
The two-headed ogre closely misses you.
The two-headed ogre hits you with a giant spiked club!!
Ouch! That really hurt!
You die...

)# #o# )# #.# # ## .# #.# #.
.. .#### .########.# .## ##.
>.... .o.o......# .. .. #####
O########## #.#.# <##### ...#
# .....#############.## .##
### ..........(<..†O@)..##..#
#.. ...............###......#
#.#
.#.#.#########.##..8.8..####
.....# #.#.8.....8...>
#...##########.#..........##
# ..................##+##..##
#.# #...#............##
##..### #..
...##.###+###..#..#####.....#
### #((##.# #.#
#..##.......###.####


You could see a two-headed ogre.

Vanquished Creatures
  A wyvern (D:5)
  A sky beast (D:5)
  An ogre (D:4)
  3 centaurs (D:5)
  A scorpion (D:4)
  An orc priest (D:3)
  A hound (D:4)
  A gnoll shaman (D:4)
  An orc wizard (D:5)
  3 worker ants (D:5)
  5 adders
  9 gnolls
  An ooze (D:1)
  An adder skeleton (D:5)
  A worm (D:2)
  6 dart slugs
  3 leopard geckos
  12 orcs
  6 bats
  3 giant cockroaches
  5 goblins
  4 hobgoblins
  6 jackals (D:4)
  A ball python (D:2)
  4 frilled lizards
  6 kobolds
  2 leopard gecko skeletons
  5 rats
94 creatures vanquished.

Notes
Turn   | Place    | Note
-------+----------+-------------------------------------------
     0 | D:1      | Ihlosi the Kobold Gladiator began the quest for the Orb.
     0 | D:1      | Reached XP level 1. HP: 12/12 MP: 1/1
   163 | D:1      | Reached XP level 2. HP: 10/17 MP: 2/2
   424 | D:1      | Reached skill level 4 in Dodging
   424 | D:1      | Reached XP level 3. HP: 22/22 MP: 3/3
  1299 | D:2      | Reached skill level 1 in Stealth
  1365 | D:2      | Reached XP level 4. HP: 23/27 MP: 4/4
  2549 | D:3      | Reached skill level 1 in Armour
  2673 | D:3      | Reached skill level 1 in Spellcasting
  2675 | D:3      | Reached XP level 5. HP: 13/32 MP: 6/6
  3394 | D:4      | Got a flickering ivory ring
  3395 | D:4      | Identified the ring "Zorph" {rF+ Str+3 Stlth+} (You found
                  | it on level 4 of the Dungeon)
  4047 | D:4      | Found a staircase to the Ecumenical Temple.
  4132 | D:4      | Reached XP level 6. HP: 27/37 MP: 7/7
  4585 | D:4      | Noticed an ogre
  4592 | D:4      | Killed an ogre
  4815 | D:4      | Reached XP level 7. HP: 29/41 MP: 8/8
  5031 | D:5      | Entered Level 5 of the Dungeon
  5167 | D:5      | Reached skill level 5 in Dodging
  5379 | D:5      | Found a shattered altar of Ashenzari.
  5397 | D:5      | Noticed a wyvern
  5426 | D:5      | Killed a wyvern
  5426 | D:5      | Reached skill level 1 in Evocations
  5426 | D:5      | Reached XP level 8. HP: 25/48 MP: 9/9
  5941 | D:5      | Noticed a two-headed ogre
  6115 | D:5      | Slain by a two-headed ogre

Skill      XL: |  1  2  3  4  5  6  7  8 |
---------------+-------------------------+-----
Dodging        | 4 5 |  5.9
Stealth        | 1 2 3 |  3.0
Armour         | 1 2 3 |  3.0
Spellcasting   | 1 |  1.0
Fighting       | 3 4 |  4.6
Long Blades    | 3 4 |  4.8
Throwing       | 3 |  3.0
Evocations     | 1 2 |  2.1

Action                   |  1- 3 |  4- 6 |  7- 9 || total
-------------------------+-------+-------+-------++-------
Melee: Long sword        |    59 |   151 |   112 ||   322
Throw: Throwing net      |       |     1 |     3 ||     4
  Use: Scroll            |       |    12 |     1 ||    13
       Potion            |       |     7 |     5 ||    12
 Stab: Sleeping          |     2 |     2 |     2 ||     6
  Eat: Chunk             |     7 |    12 |     6 ||    25
Armor: Leather armour    |     7 |    24 |    20 ||    51
       Skin              |       |       |    22 ||    22
Dodge: Dodged            |    51 |   139 |    86 ||   276
Block: Other             |       |     7 |    21 ||    28
       Reflection        |       |       |     1 ||     1
       Rpst.: Long sword |    16 |    37 |    28 ||    81
